Map: Year Zero LE

Players

Gerald - Winner!

  • Race: Protoss Protoss
  • Spawn Location: 1:00

Kel

  • Race: Zerg Zerg
  • Spawn Location: 11:00

Event: 2019 WCS Spring

VOD

Have the link to the VOD?

Description

Time

  • Played on: May 17, 2019, 7:40 a.m.
  • Length: 6:49

All games in this series

Show
View Real Time Build Order
Export as new Build Order

Gerald Protoss - Winner!

Build Orders: 1 Gate Expand 

Get SALT Encoding   

  12  0:00  Probe  
  13  0:13  Probe  
  14  0:20  Pylon  
  14  0:25  Probe  
  15  0:29  Assimilator  
  15  0:38  Probe  
  16  0:45  Gateway  
  16  0:50  Probe  
  17  0:58  Probe  
  18  1:06  Probe  
  19  1:16  Probe  
  20  1:29  Probe  
  21  1:36  Nexus  
  21  1:43  Cybernetics Core  
  21  1:46  Zealot  
  23  1:53  Pylon  
  23  1:58  Assimilator  
  23  2:09  Adept  
  23  2:11  Probe  
  24  2:21  Gateway  
  25  2:28  Robotics Facility  
  25  2:31  Stalker  
  25  2:36  Warp Gate  
  25  2:42  Probe  
  28  2:54  Probe  
  28  2:56  Probe  
  30  3:06  Immortal  
  30  3:17  Probe x2  
  38  3:20  Sentry  
  38  3:29  Probe x2, Pylon  
  40  3:35  Assimilator  
  40  3:43  Stargate  
  40  3:44  Probe  
  39  3:54  Pylon  
  39  3:57  Pylon  
  39  4:06  Pylon  
  39  4:22  Cybernetics Core  
  39  4:24  Cybernetics Core  
  39  4:28  Stalker x2, Immortal  
  45  4:48  Probe  
  46  4:55  Zealot  
  46  4:56  Zealot  
  46  4:57  Immortal  
  50  5:16  Gateway  
  50  5:18  Shield Battery  
  50  5:19  Shield Battery  
  48  5:21  Sentry  
  50  5:30  Immortal  
  50  5:34  Probe x2, Shield Battery  
  56  5:47  Sentry  
  58  5:54  Probe x2  
  60  6:00  Warp Prism  
  60  6:09  Pylon  
  62  6:14  Pylon  
  62  6:23  Probe x2  
  62  6:29  Zealot x2  
  62  6:31  Pylon  
  66  6:35  Probe x2  
Show
View Real Time Build Order
Export as new Build Order

Kel Zerg 

Build Orders: Pool First 

Get SALT Encoding   

  12  0:00  Drone  
  13  0:14  Overlord  
  13  0:19  Drone  
  14  0:33  Drone x2  
  16  0:40  Drone  
  17  0:52  Spawning Pool, Drone  
  17  0:53  Extractor  
  16  1:03  Drone  
  17  1:12  Drone  
  18  1:28  Hatchery  
  17  1:39  Zergling x4  
  19  1:41  Zergling x2  
  20  2:24  Overlord x2  
  20  2:25  Roach Warren  
  19  2:47  Queen  
  21  3:04  Roach x2  
  21  3:05  Roach  
  27  3:11  Zergling x6  
  30  3:17  Roach  
  32  3:22  Queen  
  32  3:25  Ravager  
  32  3:26  Ravager x2  
  37  3:33  Overlord  
  37  3:36  Extractor  
  37  3:37  Roach  
  38  3:52  Roach  
  40  3:57  Overlord  
  40  3:59  Queen  
  42  4:18  Ravager  
  43  4:28  Roach x2  
  50  4:45  Roach x2  
  50  4:46  Roach  
  48  5:06  Ravager  
  47  5:13  Roach x2  
  48  5:16  Zergling x8  
  46  5:37  Roach x2  
  46  5:40  Ravager  
  39  6:06  Zergling x2  
  39  6:07  Zergling x4  
  39  6:08  Ravager  
  39  6:09  Ravager  
  38  6:31  Ravager  
Tags
 
Add a new tag
Caveats
  • Supply blocks, unpowered buildings, or Contaminate may cause inaccurate times.
  • Supply counts are checked every 10 seconds.